 Dungeon Crawl Stone Soup version 0.30-a0-605-gb2882149bf (webtiles) character file.

Game seed: 7190673052752441959

91 acebull12 the Grave Robber (level 4, 0/30 HPs)
             Began as a Demonspawn Necromancer on Jan 7, 2023.
             Slain by Sigmund
             ... wielding a +0 scythe of protection
              (5 damage)
             ... on level 2 of the Dungeon.
             The game lasted 00:04:31 (1549 turns).

acebull12 the Grave Robber (Demonspawn Necromancer) Turns: 1549, Time: 00:04:31

Health: 0/30       AC:  9    Str:  8    XL:     4   Next: 33%
Magic:  8/8        EV: 12    Int: 18    God:
Gold:   70         SH:  0    Dex: 14    Spells: 8/9 levels left

rFire   . . .      SeeInvis .    n - +2 dagger (protect)
rCold   . . .      Faith    .    (no shield)
rNeg    . . .      Spirit   .    a - +0 robe
rPois   .          Reflect  .    (helmet restricted)
rElec   .          Harm     .    (no cloak)
rCorr   .          Rampage  .    (no gloves)
Will    .....                    (no boots)
Stlth   ++                       (no amulet)
HPRegen 0.25/turn                (no ring)
MPRegen 0.11/turn                (no ring)

@: under a protective aura
A: antennae 1, condensation shield
a: no special abilities


You were on level 2 of the Dungeon.
You visited 1 branch of the dungeon, and saw 2 of its levels.

You collected 70 gold pieces.

Inventory:

Hand Weapons
 c - a +0 club
 n - a +2 dagger of protection (weapon)
Armour
 a - a +0 robe (worn)
Scrolls
 e - a scroll of immolation {unknown}
 f - 2 scrolls of identify {unknown}
 g - a scroll of magic mapping {unknown}
 h - a scroll of amnesia {unknown}
 i - a scroll of blinking {unknown}
 j - a scroll of vulnerability {unknown}
 l - a scroll of teleportation {unknown}
 o - a scroll of enchant weapon {unknown}
 p - a scroll of enchant armour {unknown}
Potions
 b - a potion of magic
 d - a potion of curing {unknown}
 k - 2 potions of flight {unknown}
 m - 2 potions of lignification {unknown}


   Skills:
 + Level 1.8 Dodging
 + Level 1.9 Stealth
 * Level 3.0 Spellcasting
 * Level 5.6 Necromancy


You had 8 spell levels left.
You knew the following spells:

 Your Spells              Type           Power      Damage    Failure   Level
a - Necrotise             Necr           92%        1d8       1%          1

Your spell library contained the following spells:

 Spells                   Type           Power      Damage    Failure   Level
 Vampiric Draining        Necr           23%        2d7       4%          3
 Slow                     Hex            8%         N/A       16%         1
 Animate Dead             Necr           23%        N/A       16%         4
 Agony                    Necr           23%        N/A       41%         5
 Confusing Touch          Hex            2%         N/A       43%         3


Dungeon Overview and Level Annotations

Branches:
Dungeon (2/15)

Altars:

Annotations:
D:2 Sigmund


Innate Abilities, Weirdness & Mutations

You have a pair of small antennae on your head.
A meltable shield of frost defends you. (SH +0)


Message History

You now have 70 gold pieces (gained 7).
You open the door.
There is an open door here.
Found 6 stones.
You see here 6 stones.
k - 2 puce potions (gained 1) Done exploring.
Really walk into a travel-excluded area?
Sigmund shouts!
Sigmund writhes in agony.
Sigmund hits you from afar with a +0 scythe of protection!
You hit Sigmund but do no damage.
Your weapon exudes an aura of protection.
Sigmund is lightly wounded.
Sigmund mumbles some strange words.
Sigmund flickers and vanishes!
Deactivating autopickup; reactivate with Ctrl-A.
You closely miss something. Something hits you.
You barely miss something. Something hits you but does no damage.
You closely miss something. You hit something but do no damage.
Your weapon exudes an aura of protection.
Something hits you.
You hit something but do no damage. Something hits you.
You hit something but do no damage. You barely miss something.
Something hits you but does no damage.
You hit something but do no damage. Something hits you.
* * * LOW HITPOINT WARNING * * *
You closely miss something. You hit something but do no damage.
You hear some strange, mumbled words.
A puff of flame appears from out of thin air!
The puff of flame hits you.
Your condensation shield dissipates!
* * * LOW HITPOINT WARNING * * *
You miss something.
You hear some strange, mumbled words.
Something tries to affect you, but you resist.
You hit something but do no damage. Something hits you.
You die...

P♣##....#....#..#...#####..##....
.................#........###..##
P♣##.....#..#.........##..##...##
####...........#####..##........#
##........##....# ##..#.........
.#..............### #...........#
.........#..#.....###...........#
................#{...............
...###..#....#..@##.#.[....<....#
...# #..........................#
..####.#......#........<##.#.####
...........................#.....
####...##..................#####.
#####....................#..## #.
......#######................# #.
####### ##..##........#########
#...#####..###........#P...P#.#


There were no monsters in sight!

Vanquished Creatures
  Jessica (D:2)
  A gnoll (D:1)
  3 adders (D:2)
  An endoplasm (D:1)
  2 goblins
  2 hobgoblins
  2 jackals (D:1)
  4 ball pythons
  2 bats
  A frilled lizard (D:1)
  4 kobolds
  2 rats
25 creatures vanquished.

Vanquished Creatures (collateral kills)
  A dart slug (D:1)
  A hobgoblin (D:1)
  A quokka (D:1)
3 creatures vanquished.

Grand Total: 28 creatures vanquished

Notes
Turn   | Place    | Note
-------+----------+-------------------------------------------
     0 | D:1      | acebull12 the Demonspawn Necromancer began the quest for
                  | the Orb.
     0 | D:1      | Reached XP level 1. HP: 13/13 MP: 3/3
   165 | D:1      | Gained mutation: A meltable shield of frost defends you.
                  | (SH +0) [demonic ancestry]
   165 | D:1      | Reached XP level 2. HP: 19/19 MP: 3/5
   532 | D:1      | Reached skill level 5 in Necromancy
   632 | D:1      | Discovered your monstrous ancestry.
   632 | D:1      | Gained mutation: You have a pair of small antennae on your
                  | head. [demonic ancestry]
   632 | D:1      | Reached XP level 3. HP: 24/24 MP: 2/6
   941 | D:2      | Noticed Jessica
   952 | D:2      | Killed Jessica
   953 | D:2      | Reached XP level 4. HP: 24/30 MP: 4/8
  1081 | D:2      | Noticed Sigmund
  1171 | D:2      | Found a faded altar of an unknown god.
  1549 | D:2      | Slain by Sigmund

Illustrated notes

Levels and vault maps discovered:
D:1:      tarquinn_simple_flora_water_e, layout_rooms
D:2:      layout_rooms, shapermc_ecumenical_altar_ellora, minivault_25,
          minmay_misc_feat_more_columns, dreamdust_princess_corridor,
          uniq_jessica, uniq_sigmund

Skill      XL: |  1  2  3  4 |
---------------+-------------+-----
Necromancy     | 5 |  5.6
Spellcasting   | 3 |  3.0
Dodging        | |  1.8
Stealth        | |  1.9

Action                   |  1- 3 |  4- 6 || total
-------------------------+-------+-------++-------
Melee: Club              |    11 |       ||    11
       Dagger            |       |    22 ||    22
 Cast: Necrotise         |    30 |    11 ||    41
Armor: Robe              |     4 |     6 ||    10
Dodge: Dodged            |     5 |     8 ||    13
Block: Other             |     1 |     1 ||     2

Table legend: (Time is in decaauts)
 A = Elapsed time spent in this place.
 B = Non-inter-level travel time spent in this place.
 C = Inter-level travel time spent in this place.
 D = Time resting spent in this place.
 E = Time spent auto-exploring this place.
 F = Levels seen in this place.
 G = Mean time per level.
                   A        B        C        D        E       F      G
               +--------+--------+--------+--------+--------+-----+--------+
         Total |   1551 |   1467 |     84 |     18 |   1243 |   2 |  775.5 |
       Dungeon |   1551 |   1467 |     84 |     18 |   1243 |   2 |  775.5 |
               +--------+--------+--------+--------+--------+-----+--------+

Top non-repeatable levels by time:
     D:1: 784 daAuts
     D:2: 767 daAuts
